 Dungeon Crawl Stone Soup version bcrawl-1.28.5 (webtiles) character file.

Game seed: 16292011711725566478

150599 Pixllover the Chopper (level 3, -2/49 HPs)
             Began as a Minotaur Berserker on Nov 6, 2020.
             Was a Believer of Trog.
             Slain by a sky beast (5 damage)
             ... on level 2 of the Dungeon on Jan 24, 2021.
             The game lasted 00:03:39 (1137 turns).

Pixllover the Chopper (Minotaur Berserker)          Turns: 1137, Time: 00:03:39

Health: -2/49      AC:  5    Str: 27    XL:     3   Next: 91%
Magic:  2/2        EV: 12    Int:  4    God:    Trog [**....]
Gold:   57         SH:  0    Dex:  9    Spells: 2/2 levels left

rFire    . . .     SeeInvis .   a - +0 hand axe
rCold    . . .     Gourm    .   (no shield)
rNeg     . . .     Faith    .   j - +0 ring mail
rPois    .         Spirit   .   (helmet restricted)
rElec    .         Reflect  .   (no cloak)
rCorr    .         Harm     .   (no gloves)
MR       .....                  (no boots)
Stlth    ..........             (no amulet)
HPRegen  0.16/turn              (no ring)
MPRegen  0.08/turn              (no ring)

@: berserking, very quick
A: retaliatory headbutt, horns 2
a: Berserk, Trog's Hand, Renounce Religion


You were on level 2 of the Dungeon.
You worshipped Trog.
Trog was pleased with you.
You were hungry.

You visited 1 branch of the dungeon, and saw 2 of its levels.

You collected 57 gold pieces.

Inventory:

Hand Weapons
 a - a +0 hand axe (weapon)
Armour
 j - a +0 ring mail (worn)
Jewellery
 p - a cursed -3 ring of dexterity {unknown}
Scrolls
 c - 2 scrolls of identify
 g - 2 scrolls of remove curse
 i - 2 scrolls of blinking {unknown}
 k - a scroll of amnesia {unknown}
 n - a scroll of noise
 q - a scroll of magic mapping {unknown}
Potions
 b - a potion of flight {unknown}
 f - a potion of lignification {unknown}
 h - a potion of mutation {unknown}
 l - a potion of resistance {unknown}
 m - a potion of curing {unknown}
 o - a potion of brilliance {unknown}
 r - a potion of degeneration {unknown}
Comestibles
 d - 8 chunks of flesh
 e - 3 rations {!d}


   Skills:
 + Level 4.2 Fighting
 + Level 4.8 Axes
 + Level 2.8 Armour
 + Level 2.7 Dodging


You had 2 spell levels left.
You didn't know any spells.
Your spell library was empty.

Dungeon Overview and Level Annotations

Branches:
Dungeon (2/12)

Altars:
Hepliaklqana
Trog
Wu Jian


Innate Abilities, Weirdness & Mutations

You reflexively headbutt those who attack you in melee.
You have a pair of horns on your head.


Message History

The sky beast hits you. The sky beast shocks you.
You hit the sky beast.
The sky beast is heavily wounded.
The sky beast hits you but does no damage.
You hit the sky beast. Your headbutt misses the sky beast.
The sky beast is severely wounded.
The sky beast hits you but does no damage.
You hit the sky beast.
The sky beast is severely wounded.
The sky beast misses you.
You barely miss the sky beast.
The sky beast is severely wounded.
The sky beast hits you. The sky beast shocks you.
* * * LOW HITPOINT WARNING * * *
A red film seems to cover your vision as you go berserk!
You feel yourself moving faster!
You feel mighty!
You feel a lot more hungry. The sky beast hits you.
* * * LOW HITPOINT WARNING * * *
The sky beast shocks you.
You die...

##...##.....# #.._.#
#...##.....# ###.....
#...##.....# .......#
#...##.....#
##....##.##...#.......
..........'...'.......
#....#####...#.......
#)........#.......
#@Y...†.†.#.......
#.......###.......
#.......# #.......
#.......# ########
#.......# ########
#.......# #.......
#.......# #.......
#.......# #.......
#.....<.


You could see a sky beast.

Vanquished Creatures
  2 worms
  A dart slug (D:1)
  3 leopard geckos (D:2)
  A ball python (D:1)
  2 giant cockroaches
  8 goblins
  7 hobgoblins
  5 jackals
  2 quokkas
  5 bats
  5 frilled lizards (D:2)
  5 kobolds
  A rat (D:1)
47 creatures vanquished.

Notes
Turn   | Place    | Note
-------+----------+-------------------------------------------
     0 | D:1      | Pixllover the Minotaur Berserker began the quest for the
                  | Orb.
     0 | D:1      | Reached XP level 1. HP: 19/19 MP: 0/0
   180 | D:1      | Reached XP level 2. HP: 26/27 MP: 1/1
   349 | D:1      | Upgraded the game from bcrawl-1.27.8b to bcrawl-1.28.5
   530 | D:1      | Reached ** piety under Trog
   586 | D:1      | Reached XP level 3. HP: 12/33 MP: 2/2
   793 | D:2      | Found an ornate altar of the Wu Jian Council.
   916 | D:2      | Found a hazy altar of Hepliaklqana.
  1115 | D:2      | Noticed a sky beast
  1127 | D:2      | Found a bloodstained altar of Trog.
  1137 | D:2      | Slain by a sky beast

Skill      XL: |  1  2 |
---------------+-------+-----
Axes           | 4 |  4.8
Fighting       | 4 |  4.2
Armour         | |  2.8
Dodging        | |  2.7

Action                   || total
-------------------------++-------
Melee: Hand axe          ||    72
       Headbutt          ||     9
Invok: Berserk           ||     1
  Use: Scroll            ||     2
  Eat: Chunk             ||     2
Armor: Ring mail         ||    22
       Animal skin       ||     3
Dodge: Dodged            ||    61
